 Dungeon Crawl Stone Soup version 0.29-a0-231-g945431f764 (webtiles) character file.

Game seed: 8791124310440528295

1717 Morbidden the Ruffian (level 8, -3/67 HPs)
             Began as a Green Draconian Transmuter on Feb 28, 2022.
             Was a Believer of Cheibriados.
             Slain by a gnoll (5 damage)
             ... on level 5 of the Dungeon.
             The game lasted 00:07:06 (5988 turns).

Morbidden the Ruffian (Green Draconian Transmuter)  Turns: 5988, Time: 00:07:07

Health: -3/67      AC:  2    Str: 25    XL:     8   Next: 74%
Magic:  5/14       EV: 25    Int: 17    God:    Cheibriados [**....]
Gold:   272        SH:  0    Dex: 21    Spells: 10/16 levels left

rFire   . . .      SeeInvis .     - Unarmed
rCold   . . .      Faith    .   (shield currently unavailable)
rNeg    . . .      Spirit   .   (body armour unavailable)
rPois   x          Reflect  .   (helmet currently unavailable)
rElec   .          Harm     .   (cloak currently unavailable)
rCorr   .          Rampage  .   (gloves currently unavailable)
Will    .....                   (boots currently unavailable)
Stlth   ++........              (no amulet)
HPRegen 0.21/turn               e - +4 ring of evasion
MPRegen 0.14/turn               l - +6 ring of strength

@: short of breath, spider-form, very slightly contaminated, very slow
A: venomous fangs, (breathe noxious fumes), AC +6, tiny, unfitting armour,
(poison resistance), (cold-blooded)
a: End Transformation, Renounce Religion, Bend Time


You were on level 5 of the Dungeon.
You worshipped Cheibriados.
Cheibriados was pleased with you.
You were a venomous arachnid creature.
You visited 2 branches of the dungeon, and saw 6 of its levels.

You collected 272 gold pieces.

Inventory:

Hand Weapons
 d - a +4 dagger
Missiles
 t - a throwing net
Jewellery
 c - a ring of magical power
 e - a +4 ring of evasion (left front leg)
 l - a +6 ring of strength (right front leg)
Wands
 o - a wand of paralysis (1)
 r - a wand of flame (10) (quivered)
Scrolls
 a - 3 scrolls of teleportation {unknown}
 f - a scroll of vulnerability {unknown}
 g - a scroll of blinking {unknown}
 h - 2 scrolls of fear {unknown}
 k - a scroll of identify {unknown}
 n - a scroll of noise {unknown}
 q - a scroll of enchant armour {unknown}
Potions
 b - a potion of attraction {unknown}
 i - a potion of resistance {unknown}
 j - a potion of degeneration {unknown}
 m - a potion of magic {unknown}
 p - a potion of might {unknown}
 s - 2 potions of curing {unknown}


   Skills:
 * Level 4.4 Fighting
 * Level 3.5 Dodging
 + Level 2.3 Stealth
 * Level 6.0 Unarmed Combat
 * Level 4.5 Spellcasting
 * Level 5.2 Transmutations
 - Level 3.0 Poison Magic
 * Level 2.8 Invocations
 + Level 1.0 Evocations


You had 10 spell levels left.
You knew the following spells:

 Your Spells              Type           Power      Damage    Failure   Level
a - Beastly Appendage     Tmut           42%        N/A       8%          1
b - Spider Form           Tmut/Pois      17%        N/A       22%         3
z - Wereblood             Tmut           21%        N/A       10%         2

Your spell library contained the following spells:

 Spells                   Type           Power      Damage    Failure   Level
 Sublimation of Blood     Necr           3%         N/A       43%         2
 Ice Form                 Ice/Tmut       12%        N/A       67%         4
 Iskenderun's Battlesphe  Conj           3%         2d6       99%         5
 Iron Shot                Conj/Erth      1%         9d1       100%        6
 Spellforged Servitor     Conj/Summ      1%         N/A       100%        7
 Summon Hydra             Summ           1%         N/A       100%        7


Dungeon Overview and Level Annotations

Branches:
Dungeon (5/15)             Temple (1/1) D:4

Altars:
Ashenzari
Cheibriados
Dithmenos
Elyvilon
Fedhas
Gozag
Kikubaaqudgha
Makhleb
Nemelex Xobeh
Okawaru
Ru
Sif Muna
Trog
Uskayaw
Vehumet
Wu Jian
Xom
Yredelemnul
Zin
The Shining One

Shops:
D:5 (


Innate Abilities, Weirdness & Mutations

You are a venomous arachnid creature.
You have poisonous fangs.
You are tiny and dextrous.
Your spellcasting is less reliable in this form.
Your armour is entirely melded.
You are incapable of wielding weapons or throwing items.
((You can breathe blasts of noxious fumes.))
((Your lurid green scales are hard. (AC +6)))
You cannot fit into any form of body armour.
((Your system is resistant to poisons. (rPois)))
((You are cold-blooded and may be slowed by cold attacks.))


Message History

Okay, then.
The gnoll hits you but does no damage.
Your magical contamination has completely faded away.
You see here 3 throwing nets.
Unknown command.
Unknown command.
Aiming: Breathe Noxious Fumes (4% risk of failure)
Press: ? - help, Shift-Dir - straight line You exhale a blast of noxious fumes.
The blast of choking fumes hits the gnoll.
The gnoll is moderately wounded.
The blast of choking fumes hits the gnoll shaman.
The gnoll shaman is lightly wounded.
The gnoll hits you but does no damage.
The gnoll is engulfed in noxious fumes.
The gnoll appears confused.
The gnoll misses you.
The gnoll shaman is engulfed in noxious fumes.
The gnoll shaman appears confused.
Unknown command.
Unknown command.
Casting: Spider Form (dangerous; 9% risk of failure)
Confirm with . or Enter, or press ? or * to list all spells.
You miscast Spider Form.
You are very lightly contaminated with residual magic.
Nothing appears to happen.
The gnoll sergeant hits you with a +0 spear!
* * * LOW HITPOINT WARNING * * *
The gnoll closely misses you.
The gnoll is engulfed in noxious fumes.
The gnoll appears confused.
The gnoll misses you.
The gnoll hits itself.
Something hits the gnoll.
The gnoll shouts!
Unknown command.
Unknown command.
Unknown command.
Casting: Spider Form (dangerous; 9% risk of failure)
Confirm with . or Enter, or press ? or * to list all spells.
You turn into a venomous arachnid creature.
The gnoll sergeant hits you with a +0 spear!
* * * LOW HITPOINT WARNING * * *
The gnoll hits you.
You die...

#........###.#
#............#############
.........................#
......##............†....#
##..# #....##########....#
##. ##..###### ##...#
#..####)#....# ##..#
#.....).#....# #..#
...#..(s#....#++ #..#
#..ggg☼°°.... #..#
............○☼.. #..#
................ #..#
........#....#++ #..#
...#.##.#....# #..# ##.##
#.#....# ##.## # #.######
##..# #. ######...##


You could see a gnoll sergeant and 2 gnolls.

Vanquished Creatures
  A hornet (D:4)
  2 black bears (D:5)
  A wolf (D:5)
  2 ogres
  A phantom (D:5)
  A gnoll sergeant (D:5)
  A necrophage (D:4)
  2 scorpions
  5 wights
  A howler monkey (D:5)
  4 hounds
  3 iguanas
  Robin (D:2)
  12 gnolls (D:5)
  4 adders
  An ufetubus (D:4)
  A worm (D:2)
  3 dart slugs
  An orc (D:5)
  6 ball pythons
  5 bats
  9 endoplasms
  3 giant cockroaches
  16 goblins
  7 hobgoblins
  8 jackals
  3 quokkas
  5 frilled lizards
  5 kobolds
  9 rats
123 creatures vanquished.

Notes
Turn   | Place    | Note
-------+----------+-------------------------------------------
     0 | D:1      | Morbidden the Draconian Transmuter began the quest for the
                  | Orb.
     0 | D:1      | Reached XP level 1. HP: 16/16 MP: 3/3
   293 | D:1      | Reached XP level 2. HP: 11/24 MP: 5/5
  1045 | D:1      | Reached XP level 3. HP: 24/29 MP: 4/6
  1551 | D:2      | Learned a level 2 spell: Wereblood
  1594 | D:2      | Learned a level 3 spell: Spider Form
  1905 | D:2      | Found a basalt altar of Yredelemnul.
  1957 | D:2      | Noticed Robin
  1970 | D:2      | Killed Robin
  1971 | D:2      | Reached XP level 4. HP: 25/37 MP: 7/7
  3156 | D:3      | Noticed an ogre
  3164 | D:3      | Killed an ogre
  3165 | D:3      | Reached XP level 5. HP: 42/42 MP: 6/8
  3211 | D:3      | Found a faded altar of an unknown god.
  3320 | D:4      | Noticed a hornet
  3330 | D:4      | Killed a hornet
  3331 | D:4      | Reached skill level 1 in Stealth
  3331 | D:4      | Reached skill level 4 in Unarmed Combat
  3331 | D:4      | Reached skill level 1 in Poison Magic
  3331 | D:4      | Reached XP level 6. HP: 42/51 MP: 7/10
  3724 | D:3      | Your scales start taking on a lurid green colour.
  3724 | D:3      | Reached XP level 7. HP: 32/57 MP: 8/11
  3724 | D:3      | Gained mutation: Your system is resistant to poisons.
                  | (rPois) [Green Draconian growth]
  4135 | D:4      | Found a staircase to the Ecumenical Temple.
  4252 | Temple   | Entered the Ecumenical Temple
  4662 | Temple   | Became a worshipper of Cheibriados the Contemplative
  4946 | D:5      | Entered Level 5 of the Dungeon
  4963 | D:5      | Reached skill level 1 in Invocations
  5238 | D:4      | Reached skill level 5 in Unarmed Combat
  5238 | D:4      | Reached XP level 8. HP: 32/66 MP: 10/13
  5407 | D:5      | Reached * piety under Cheibriados
  5462 | D:5      | Reached skill level 5 in Transmutations
  5550 | D:5      | Reached skill level 1 in Evocations
  5811 | D:5      | Found Weop's Antique Weapon Shop.
  5966 | D:5      | Reached ** piety under Cheibriados
  5973 | D:5      | Reached skill level 6 in Unarmed Combat
  5988 | D:5      | HP: 2/67 [gnoll sergeant/+0 spear (12)]
  5988 | D:5      | Slain by a gnoll

Illustrated notes

Levels and vault maps discovered:
D:1:      minmay_arrival_three_doors, layout_basic, chequers_decorated_corner,
          chequers_serial_rivers_room_a, dk_noncrumbling_3, st_stairs_7,
          chequers_jeans, amcnicky_mini_pool_small, minmay_cupped
D:2:      layout_basic, basic_altar, uniq_robin
D:3:      layout_basic, dreamdust_ecumenical_altar_statues, grunt_decor_junction
D:4:      layout_loops_ring, minmay_temple_entry_sparse_star
D:5:      layout_cave_pools, serial_gnoll_camp, gnoll_camp_mini_shop,
          gnoll_camp_mini_basic, gnoll_camp_mini_loothouse,
          gnoll_camp_mini_basic, gnoll_camp_medium_02
Temple:   mainiacjoe_temple_big_plus

Skill      XL: |  1  2  3  4  5  6  7  8 |
---------------+-------------------------+-----
Fighting       | 2 3 4 |  4.4
Dodging        | 2 3 |  3.5
Transmutations | 3 4 5 |  5.2
Stealth        | 1 2 |  2.3
Unarmed Combat | 4 5 6 |  6.0
Spellcasting   | 3 4 |  4.5
Poison Magic   | 1 2 3 |  3.0
Invocations    | 1 2 |  2.8
Evocations     | 1 |  1.0

Action                   |  1- 3 |  4- 6 |  7- 9 || total
-------------------------+-------+-------+-------++-------
Melee: Unarmed           |   121 |    85 |   148 ||   354
       Tailslap          |    15 |    10 |    11 ||    36
       Kick              |    17 |    21 |    22 ||    60
       Headbutt          |    11 |     9 |    15 ||    35
       Punch             |     1 |     1 |     3 ||     5
 Cast: Beastly Appendage |    17 |    18 |    16 ||    51
       Wereblood         |     6 |     7 |     4 ||    17
       Spider Form       |       |     2 |     7 ||     9
 Abil: Breathe Noxious F |       |       |     3 ||     3
Evoke: Wand              |       |     2 |     9 ||    11
 Stab: Sleeping          |     1 |       |     2 ||     3
       Paralysed         |       |     9 |       ||     9
       Confused          |       |       |     2 ||     2
Armor: Skin              |    37 |    11 |    17 ||    65
Dodge: Dodged            |   100 |    77 |   138 ||   315

Table legend: (Time is in decaauts)
 A = Elapsed time spent in this place.
 B = Non-inter-level travel time spent in this place.
 C = Inter-level travel time spent in this place.
 D = Time resting spent in this place.
 E = Time spent auto-exploring this place.
 F = Levels seen in this place.
 G = Mean time per level.
                   A        B        C        D        E       F      G
               +--------+--------+--------+--------+--------+-----+--------+
         Total |   6127 |   6005 |    122 |   1028 |   4012 |   6 | 1021.2 |
       Dungeon |   5689 |   5613 |     76 |   1028 |   3629 |   5 | 1137.8 |
        Temple |    438 |    392 |     46 |      0 |    383 |   1 |  438.0 |
               +--------+--------+--------+--------+--------+-----+--------+

Top non-repeatable levels by time:
     D:1: 1535 daAuts
     D:4: 1265 daAuts
     D:2: 1201 daAuts
     D:5: 949 daAuts
     D:3: 737 daAuts
  Temple: 438 daAuts
